AoeStats
← 武田信長

African Clearing

510474738Analyzed
4v4 RM · 1d ago on Oct 1, 2026· 24m 19s· 8 players
Game mode
Random Map
Map size
Large (8 player)
Population
200
Speed
Normal
Resources
Standard
Victory
Conquest
Starting age
Dark Age
Ending age
Imperial Age
RankedLock teamsTeams togetherTeam positionsShared explorationLock speedFull tech treeHidden civsTurbo modeCheats
Victory
Defeat
🇨🇳 Huns · China
1478
+13
🇺🇸 Tatars · United States
1469
+14
🇺🇸 Spanish · United States
1456
+14
🇹🇷 Maya · Türkiye
1451
+14
🇨🇳 Italians · China
1477
-16
🇻🇳 Inca · Vietnam
1447
-15
🇮🇩 Danes · Indonesia
1381
-12
🇹🇼 Hindustanis · Taiwan
1367
-12
gianghodd01
4:59 Loom
6:05 Loom
12:42 Feudal Age
13:23 Double-Bit Axe
15:39 Champi Runner
20:09 Castle Age
18:47 Scale Mail Armor
20:21 Arson
21:08 Champi Warrior
酒醉上義姬
2:49 Loom
12:07 Feudal Age
16:26 Castle Age
14:22 Gold Mining
15:12 Double-Bit Axe
17:34 Bow Saw
20:27 Gold Shaft Mining
武田信長
4:03 Loom
12:37 Feudal Age
13:49 Double-Bit Axe
14:25 Horse Collar
19:45 Wheelbarrow
22:05 Bloodlines
24:21 Castle Age
22:40 Padded Archer Armor
23:25 Scale Barding Armor
goths king
8:15 Loom
12:57 Feudal Age
17:04 Castle Age
15:46 Double-Bit Axe
16:30 Fletching
16:42 Padded Archer Armor
Chris Bosh the Dinosaurman
4:35 Loom
14:33 Feudal Age
15:08 Double-Bit Axe
18:56 Castle Age
17:12 Fletching
17:15 Double-Bit Axe
17:34 Gold Mining
19:58 Bodkin Arrow
20:19 Bow Saw
23:20 Ballistics
23:51 Padded Archer Armor
Pocket Lint
5:12 Loom
13:33 Feudal Age
17:05 Castle Age
15:54 Double-Bit Axe
17:21 Fletching
18:06 Bodkin Arrow
Apep
4:41 Loom
12:38 Feudal Age
16:54 Castle Age
15:05 Double-Bit Axe
15:29 Fletching
20:13 Bow Saw
22:42 Horse Collar
23:29 Padded Archer Armor
自娱自乐
10:19 Loom
12:37 Feudal Age
13:10 Double-Bit Axe
20:40 Castle Age
20:28 Bloodlines
20:10 Fletching
21:28 Bodkin Arrow
22:54 Padded Archer Armor
Connection lost

Rejoining the realm…

Still unreachable

The connection could not be restored.

Session expired

The server has moved on; the page needs a fresh start.